[Event "Festival Groningen-A 2024"]
[Site "Groningen"]
[Date "2024.12.30"]
[Round "9.1"]
[White "Narayanan S L"]
[Black "Maatman, Nick"]
[Result "1/2-1/2"]
[ECO "D33"]
[WhiteElo "2647"]
[BlackElo "2375"]
[Annotator "TA"]
[PlyCount "59"]
[EventDate "2024.12.21"]
[EventType "swiss"]
[EventCountry "NED"]
[SourceTitle "playchess.com"]
[Source "ChessBase"]
[SourceQuality "1"]
[TimeControl "40/5400+30:1800+30"]

1. c4 c5 2. Nf3 Nf6 3. Nc3 Nc6 4. g3 e6 5. Bg2 d5 6. cxd5 exd5 7. d4 cxd4 8. Nxd4 Bc5 9. Nb3 Bb6 10. O-O d4 11. Na4 O-O {[%emt 0:00:14] White is slightly better.} 12. Re1 Re8 13. Bg5 h6 14. Nxb6 axb6 15. Bxc6 bxc6 16. Bxf6 Qxf6 17. Qxd4 Qd8 18. Qc3 c5 19. Rad1 Qe7 20. a3 Ra4 21. f3 {[%emt 0:04:30] Against Re4} h5 22. Nd2 Rd4 23. Ne4 Rxd1 $1 24. Rxd1 {[%emt 0:00:05] The position is equal.} Bb7 {[%emt 0:00:03] Repels Rd5} 25. Rd3 Bxe4 26. Re3 Qb7 27. fxe4 Rxe4 28. Kf2 Rxe3 29. Qxe3 Qd5 30. Qf4 {[%emt 0:36:52] Weighted Error Value: White=0.03 (flawless) /Black=0.01 (flawless) .  OK:         	White=13    	Black=7      Best:        	---       	Black=1      Strong:       	---       	Black=1} 1/2-1/2

[Event "Festival Groningen-A 2024"]
[Site "Groningen"]
[Date "2024.12.30"]
[Round "9.2"]
[White "Mitusov, Semen"]
[Black "Beerdsen, Thomas"]
[Result "1/2-1/2"]
[ECO "C54"]
[WhiteElo "2465"]
[BlackElo "2502"]
[Annotator "TA"]
[PlyCount "55"]
[EventDate "2024.12.21"]
[EventType "swiss"]
[EventCountry "NED"]
[SourceTitle "playchess.com"]
[Source "ChessBase"]
[SourceQuality "1"]
[TimeControl "40/5400+30:1800+30"]

1. e4 e5 2. Nf3 Nc6 3. Bc4 Nf6 4. d3 Bc5 5. c3 O-O 6. Bg5 Be7 7. Nbd2 d6 8. a4 h6 {[%emt 0:01:31] The position is equal.} 9. Bxf6 Bxf6 10. a5 a6 11. Nf1 Ne7 12. Ne3 c6 13. Qb3 Rb8 14. O-O Qc7 15. Rfd1 Ng6 16. d4 Re8 17. Qc2 Qe7 18. d5 c5 19. b4 {[%emt 0:02:34] White is more active.} cxb4 20. cxb4 Bd7 21. Rdc1 Nh4 22. Nxh4 Bxh4 23. Qe2 Bg5 24. g3 Rec8 25. h4 Bxe3 26. Qxe3 Rc7 27. Bf1 Rbc8 28. Rxc7 {[%emt 0:01:59] Weighted Error Value: White=0.09 (flawless) /Black=0.10 (very precise) .  Inaccurate:     	White=3     	Black=3      OK:         	White=9     	Black=9      Best:        	---       	Black=1} 1/2-1/2

[Event "Festival Groningen-A 2024"]
[Site "Groningen"]
[Date "2024.12.30"]
[Round "9.3"]
[White "Manish Anto Cristiano F"]
[Black "De Winter, Arthur"]
[Result "1/2-1/2"]
[ECO "B96"]
[WhiteElo "2296"]
[BlackElo "2446"]
[Annotator "RC"]
[PlyCount "109"]
[EventDate "2024.12.21"]
[EventType "swiss"]
[EventCountry "NED"]
[SourceTitle "playchess.com"]
[Source "ChessBase"]
[SourceQuality "1"]
[TimeControl "40/5400+30:1800+30"]

1. e4 c5 2. Nf3 d6 3. d4 cxd4 4. Nxd4 Nf6 5. Nc3 a6 6. Bg5 e6 7. f4 h6 8. Bh4 Nbd7 9. Qe2 e5 10. fxe5 Nxe5 11. O-O-O Be7 12. Nf3 Bg4 13. h3 Bxf3 14. gxf3 Nh5 15. Bxe7 Qxe7 16. Nd5 Qg5+ 17. Kb1 Ng3 18. Qh2 Nxf3 19. Qf2 Nd2+ 20. Rxd2 Nxh1 21. Qe1 Qg3 22. Qd1 O-O 23. Bg2 Nf2 24. Qf1 Nxe4 25. Bxe4 Qh4 26. Rg2 f5 27. Bf3 Rae8 28. Rg1 Kh7 29. a3 Re5 30. Nb4 b5 31. Bb7 a5 32. Nd3 Re7 33. Bc6 b4 34. axb4 axb4 35. Qg2 Qd4 36. Bd5 g5 37. Rd1 Ra7 38. Re1 Ra5 39. Re7+ Kg6 40. Bf3 b3 41. Qe2 Qg1+ 42. Ne1 bxc2+ 43. Kxc2 Re5 44. Bh5+ Kf6 45. Rxe5 dxe5 46. Qa6+ Kg7 47. Qg6+ Kh8 48. Qxh6+ Kg8 49. Qe6+ Kh7 50. Nd3 e4 51. Bg6+ Kh8 52. Qe5+ Kg8 53. Qe6+ Kh8 54. Qe5+ Kg8 55. Qe6+ 1/2-1/2

[Event "Festival Groningen-A 2024"]
[Site "Groningen"]
[Date "2024.12.30"]
[Round "9.4"]
[White "Labruyere, Roger"]
[Black "Stijve, Theo"]
[Result "0-1"]
[ECO "C28"]
[WhiteElo "2344"]
[BlackElo "2396"]
[Annotator "RC"]
[PlyCount "52"]
[EventDate "2024.12.21"]
[EventType "swiss"]
[EventCountry "NED"]
[SourceTitle "playchess.com"]
[Source "ChessBase"]
[SourceQuality "1"]
[TimeControl "40/5400+30:1800+30"]

1. e4 e5 2. Nf3 Nc6 3. Bc4 Nf6 4. d3 h6 5. Nc3 Bb4 6. O-O Bxc3 7. bxc3 O-O 8. Re1 d6 9. h3 Na5 10. Bb3 c5 11. Ba4 c4 12. d4 Qc7 13. Ba3 Rd8 14. Qd2 a6 15. Rad1 Be6 16. d5 Bc8 17. Nxe5 dxe5 18. d6 Qb8 19. Bb4 Nc6 20. Bxc6 bxc6 21. Ba5 Rd7 22. f4 Qb5 23. Bb4 Bb7 24. Ba3 Re8 25. Kh2 c5 26. fxe5 Rxe5 0-1

[Event "Festival Groningen-A 2024"]
[Site "Groningen"]
[Date "2024.12.30"]
[Round "9.5"]
[White "Van Foreest, Machteld"]
[Black "Kazakouski, Valery"]
[Result "1-0"]
[ECO "B93"]
[WhiteElo "2309"]
[BlackElo "2567"]
[Annotator "TA"]
[PlyCount "91"]
[EventDate "2024.12.21"]
[EventType "swiss"]
[EventCountry "NED"]
[SourceTitle "playchess.com"]
[Source "ChessBase"]
[SourceQuality "1"]
[TimeControl "40/5400+30:1800+30"]

1. e4 c5 2. Nf3 d6 3. d4 cxd4 4. Nxd4 Nf6 5. Nc3 a6 6. f4 e5 7. Nf3 Qc7 8. a4 Be7 9. Bd3 Nc6 10. O-O O-O 11. Be3 $146 {[%emt 0:05:53] B93: Sicilian Najdorf: 6 f4.} ({Predecessor:} 11. Kh1 Nb4 12. Qe1 Be6 13. Nh4 Rfe8 14. fxe5 dxe5 15. Nf5 Bxf5 16. Rxf5 Rad8 17. Qg3 g6 18. Bh6 Nxd3 19. cxd3 {1-0 Bachmann,A (2604)-Preotu,R (2478) Titled Tuesday intern op 10th Jan Early blitz 2023 (6)}) 11... Nb4 12. a5 Be6 13. Bb6 Qb8 14. Qd2 Rc8 15. Kh1 Rc6 ({Better is} 15... exf4 $11 16. Qxf4 d5) 16. f5 $14 Bd7 17. g4 h6 (17... Nxd3 18. cxd3 Nxg4 19. Nd5 $14) 18. Rg1 d5 19. g5 hxg5 20. Rxg5 (20. Qxg5 $16 Bf8 21. Nxd5 Nbxd5 22. exd5 Nxd5 23. c3) 20... Nh7 $2 (20... d4 $14 21. Na2 (21. Rag1 Ne8 $17) 21... Nxd3 22. cxd3 Qd6) 21. Rg3 $18 Qd6 22. Rag1 Bf8 23. exd5 (23. Qg2 Qf6 24. Nxd5 (24. exd5 Rxc3 25. bxc3 Nxd5 $18) 24... Nxd5 $18) 23... Rxc3 24. bxc3 (24. Qxc3 Nxd3 25. Qxd3 Re8 $18) 24... Nxd3 25. Qxd3 Nf6 (25... Re8 {was called for.} 26. Nd2 e4) 26. c4 $18 e4 27. Qe3 Bxf5 $2 (27... exf3 28. Qh6 Qxg3 (28... Bxf5 29. Rxg7+ Bxg7 30. Qxg7#) (28... g6 29. Rxg6+ fxg6 30. Qxg6+ Kh8 31. Bd4) 29. Rxg3 Re8) 28. Nh4 $18 Bh7 29. Bd4 Ne8 30. Qg5 f6 31. Qg4 Rd8 32. Bb6 Rd7 33. Bc5 Qc7 34. Qe6+ Rf7 35. Qxe8 $2 (35. Bxf8 g5 36. Qxe8 Rxf8 37. Rxg5+ fxg5 38. Rxg5+ Qg7 39. Rxg7+ Kxg7 40. Qe5+ Kg8 41. d6) 35... Qxc5 $18 36. Qe6 Qe7 $2 (36... Qxc4 37. Ng6 e3 38. Ne7+ (38. Rxe3 Bxg6 39. Rxg6 Qxc2 $16) (38. Qxe3 Qxd5+ 39. R1g2 Qxa5 $15) 38... Kh8) 37. Nf5 $18 Bxf5 38. Qxf5 e3 39. Re1 Qb4 (39... Qd7 $142 40. Qxd7 Rxd7 41. Rexe3 (41. Rgxe3 Bb4 $18) 41... Bd6) 40. Rgxe3 $18 (40. Rexe3 Qxc4 41. Rg1 Qb4 $18) 40... Qxa5 41. Re8 Qc7 42. Qe6 g6 43. d6 Qc6+ 44. Qd5 Qxd5+ 45. cxd5 Rd7 46. R1e7 ({Weaker is} 46. R1e6 Kf7 47. Rxf8+ Kxf8 $16) 1-0

[Event "Festival Groningen-A 2024"]
[Site "Groningen"]
[Date "2024.12.30"]
[Round "9.7"]
[White "Smeets, Kobe"]
[Black "Poetsch, Hagen"]
[Result "1/2-1/2"]
[ECO "B90"]
[WhiteElo "2349"]
[BlackElo "2491"]
[Annotator "RC"]
[PlyCount "136"]
[EventDate "2024.12.21"]
[EventType "swiss"]
[EventCountry "NED"]
[SourceTitle "playchess.com"]
[Source "ChessBase"]
[SourceQuality "1"]
[TimeControl "40/5400+30:1800+30"]

1. e4 c5 2. Nf3 d6 3. d4 cxd4 4. Nxd4 Nf6 5. Nc3 a6 6. h3 g6 7. g4 Bg7 8. Be3 O-O 9. g5 Nfd7 10. h4 Nc6 11. h5 Nde5 12. Be2 Na5 13. b3 b5 14. f4 Nec6 15. Qd2 Nxd4 16. Bxd4 e5 17. h6 Bh8 18. fxe5 Nc6 19. Be3 Bxe5 20. Bf4 Bd4 21. Be3 Be5 22. Bf4 Be6 23. O-O-O Nd4 24. Qe3 Qb6 25. Kb1 Rac8 26. Nd5 Bxd5 27. Bxe5 dxe5 28. exd5 Qc7 29. Rc1 Qd6 30. Bg4 Rc5 31. c3 Nf5 32. Bxf5 gxf5 33. c4 bxc4 34. bxc4 Rb8+ 35. Ka1 Rb4 36. Rhe1 Rbxc4 37. Rxc4 Rxc4 38. Qxe5 Qxe5+ 39. Rxe5 Kf8 40. Rxf5 Ke7 41. d6+ Kxd6 42. Rxf7 Rg4 43. Rf6+ Kc7 44. Rf7+ Kb6 45. Rg7 Kb5 46. Rg8 Rh4 47. Kb2 a5 48. Rb8+ Ka4 49. Rh8 Rh5 50. Rxh7 Rxg5 51. Rg7 Rb5+ 52. Kc3 Rh5 53. h7 Ka3 54. Ra7 a4 55. Kc2 Rh2+ 56. Kc3 Rh4 57. Kc2 Rh3 58. Kc1 Rh2 59. Kb1 Rb2+ 60. Kc1 Rh2 61. Kd1 Kb2 62. Rxa4 Rxh7 63. Ra8 Rh3 64. a4 Ka3 65. a5 Ka4 66. a6 Ka5 67. a7 Ka6 68. Ke1 Kb7 1/2-1/2

[Event "Festival Groningen-A 2024"]
[Site "Groningen"]
[Date "2024.12.30"]
[Round "9.8"]
[White "Kollen, Zyon"]
[Black "Pham, Khoi"]
[Result "1/2-1/2"]
[ECO "C68"]
[WhiteElo "2344"]
[BlackElo "2285"]
[Annotator "RC"]
[PlyCount "58"]
[EventDate "2024.12.21"]
[EventType "swiss"]
[EventCountry "NED"]
[SourceTitle "playchess.com"]
[Source "ChessBase"]
[SourceQuality "1"]
[TimeControl "40/5400+30:1800+30"]

1. e4 e5 2. Nf3 Nc6 3. Bb5 a6 4. Bxc6 dxc6 5. O-O Qf6 6. d4 exd4 7. Bg5 Qd6 8. Qxd4 Qxd4 9. Nxd4 Bd7 10. Nc3 f6 11. Be3 O-O-O 12. Rad1 Ne7 13. f3 Ng6 14. Nde2 Re8 15. Bf2 c5 16. Rfe1 Bc6 17. Nd5 b6 18. c4 a5 19. b3 a4 20. Bg3 Ne5 21. Nec3 axb3 22. axb3 Kb7 23. Bxe5 fxe5 24. Ra1 Bd6 25. Ra2 Ra8 26. Rea1 Rxa2 27. Rxa2 Rd8 28. Kf2 Be8 29. Nb5 c6 1/2-1/2

[Event "Festival Groningen-A 2024"]
[Site "Groningen"]
[Date "2024.12.30"]
[Round "9.9"]
[White "De Jong, Migchiel"]
[Black "Vijayakumar, Rishi"]
[Result "1-0"]
[ECO "A04"]
[WhiteElo "2275"]
[BlackElo "2204"]
[Annotator "RC"]
[PlyCount "151"]
[EventDate "2024.12.21"]
[EventType "swiss"]
[EventCountry "NED"]
[SourceTitle "playchess.com"]
[Source "ChessBase"]
[SourceQuality "1"]
[TimeControl "40/5400+30:1800+30"]

1. Nf3 Nf6 2. g3 c5 3. Bg2 Nc6 4. O-O e5 5. c3 d5 6. d4 e4 7. Ne5 Qb6 8. Nxc6 bxc6 9. Nd2 cxd4 10. cxd4 Be7 11. Nb3 O-O 12. Qc2 Ba6 13. Rd1 Nd7 14. Be3 Rab8 15. Rac1 Bc4 16. Bxe4 Nf6 17. Bd3 Bxb3 18. axb3 Qxb3 19. Qxb3 Rxb3 20. Rxc6 a5 21. Ra1 Ra8 22. Bd2 a4 23. Bc3 a3 24. bxa3 Rbxa3 25. Rxa3 Bxa3 26. Ra6 Rxa6 27. Bxa6 Kf8 28. Bd3 Ne4 29. Be1 f5 30. Kg2 g6 31. h3 h5 32. Ba5 Bd6 33. e3 Ke7 34. Bb6 Ke6 35. Bb5 Nf6 36. Ba5 Ke7 37. Be1 Ke6 38. Be2 Be7 39. f3 Bd6 40. Bd3 Ba3 41. Bd2 Bd6 42. Kf2 Ke7 43. Be1 Ke6 44. Ke2 Nh7 45. e4 fxe4 46. fxe4 dxe4 47. Bxe4 Kf6 48. h4 Nf8 49. Kf3 g5 50. Bd2 gxh4 51. gxh4 Ne6 52. Be3 Nc7 53. Bg5+ Kf7 54. Bf5 Be7 55. Ke4 Bf6 56. Bd7 Kg6 57. Bf4 Bd8 58. Bg3 Kf6 59. d5 Ke7 60. Bc6 Ne8 61. Kf5 Nd6+ 62. Kg6 Ne4 63. Be1 Kd6 64. Kf5 Nc5 65. Bg3+ Ke7 66. d6+ Kf7 67. Bf2 Nd3 68. Bg3 Nc5 69. Bd5+ Kg7 70. Be5+ Kh6 71. Bd4 Nd7 72. Ke6 Nb6 73. Be4 Nc4 74. d7 Nb6 75. Kf7 Bf6 76. Be3+ 1-0

[Event "Festival Groningen-A 2024"]
[Site "Groningen"]
[Date "2024.12.30"]
[Round "9.10"]
[White "Mareau, Timothe"]
[Black "Koster, Ramon"]
[Result "0-1"]
[ECO "B23"]
[WhiteElo "2168"]
[BlackElo "2330"]
[Annotator "RC"]
[PlyCount "42"]
[EventDate "2024.12.21"]
[EventType "swiss"]
[EventCountry "NED"]
[SourceTitle "playchess.com"]
[Source "ChessBase"]
[SourceQuality "1"]
[TimeControl "40/5400+30:1800+30"]

1. e4 c5 2. Nc3 d6 3. f4 g6 4. Nf3 Bg7 5. Bc4 Nc6 6. O-O e6 7. d4 cxd4 8. Nb5 a6 9. Nbxd4 Nxd4 10. Nxd4 Nf6 11. f5 gxf5 12. exf5 e5 13. Ne2 b5 14. Bb3 Bb7 15. Ng3 Qb6+ 16. Kh1 h5 17. h4 Bh6 18. Bxh6 Rxh6 19. Qd2 Rh7 20. Qg5 Ke7 21. Bxf7 Rxf7 0-1

[Event "Festival Groningen-A 2024"]
[Site "Groningen"]
[Date "2024.12.30"]
[Round "9.11"]
[White "Albers, Sasa"]
[Black "Weber, Samuel"]
[Result "1/2-1/2"]
[ECO "C95"]
[WhiteElo "2268"]
[BlackElo "2263"]
[Annotator "RC"]
[PlyCount "71"]
[EventDate "2024.12.21"]
[EventType "swiss"]
[EventCountry "NED"]
[SourceTitle "playchess.com"]
[Source "ChessBase"]
[SourceQuality "1"]
[TimeControl "40/5400+30:1800+30"]

1. e4 e5 2. Nf3 Nc6 3. Bb5 a6 4. Ba4 Nf6 5. O-O Be7 6. Re1 b5 7. Bb3 d6 8. c3 O-O 9. h3 Nb8 10. d4 Nbd7 11. Nbd2 Bb7 12. Bc2 Re8 13. Nf1 Bf8 14. Ng3 a5 15. Bg5 h6 16. Bd2 a4 17. Bd3 c6 18. Qc1 Qb6 19. Be3 Qa5 20. b4 axb3 21. axb3 Qxa1 22. Qxa1 Rxa1 23. Rxa1 Ra8 24. Rxa8 Bxa8 25. dxe5 dxe5 26. b4 Bb7 27. Kf1 Ne8 28. Nd2 Nc7 29. Nb3 g6 30. Ne2 Kg7 31. Nec1 Ne8 32. Na5 Nd6 33. Ncb3 Ba8 34. Nc5 Nxc5 35. Bxc5 Ne8 36. Bxf8+ 1/2-1/2

[Event "Festival Groningen-A 2024"]
[Site "Groningen"]
[Date "2024.12.30"]
[Round "9.12"]
[White "Duijker, Rick"]
[Black "Slagboom, Leandro"]
[Result "0-1"]
[ECO "E94"]
[WhiteElo "2146"]
[BlackElo "2370"]
[Annotator "RC"]
[PlyCount "88"]
[EventDate "2024.12.21"]
[EventType "swiss"]
[EventCountry "NED"]
[SourceTitle "playchess.com"]
[Source "ChessBase"]
[SourceQuality "1"]
[TimeControl "40/5400+30:1800+30"]

1. c4 Nf6 2. Nf3 g6 3. Nc3 Bg7 4. e4 d6 5. d4 O-O 6. Be2 Na6 7. O-O e5 8. Be3 Qe7 9. dxe5 dxe5 10. Nd5 Qd8 11. Bg5 c6 12. Nxf6+ Bxf6 13. Qxd8 Bxd8 14. Be3 Bb6 15. Bxb6 axb6 16. Nxe5 Re8 17. Nf3 Rxe4 18. Bd3 Re8 19. Rfe1 Be6 20. a3 Nc5 21. Bf1 Nb3 22. Rad1 Red8 23. h3 h6 24. g4 g5 25. Kg2 Kg7 26. Kg3 Kf6 27. h4 gxh4+ 28. Nxh4 Nd2 29. Be2 Ra4 30. Nf3 Nxf3 31. Kxf3 Rxd1 32. Rxd1 Bxc4 33. Rd7 Bd5+ 34. Kg3 Rd4 35. b4 Rd2 36. Bf1 Ra2 37. Rxb7 Rxa3+ 38. Kh4 b5 39. f4 Rb3 40. Bxb5 cxb5 41. Rxb5 Be6 42. f5 Bc4 43. Rb6+ Kg7 44. Kh5 Rh3# 0-1

[Event "Festival Groningen-A 2024"]
[Site "Groningen"]
[Date "2024.12.30"]
[Round "9.13"]
[White "Van der Hagen, Loek"]
[Black "Kanis, Sierk"]
[Result "1-0"]
[ECO "B11"]
[WhiteElo "2315"]
[BlackElo "2116"]
[Annotator "RC"]
[PlyCount "101"]
[EventDate "2024.12.21"]
[EventType "swiss"]
[EventCountry "NED"]
[SourceTitle "playchess.com"]
[Source "ChessBase"]
[SourceQuality "1"]
[TimeControl "40/5400+30:1800+30"]

1. e4 c6 2. Nc3 d5 3. Nf3 dxe4 4. Nxe4 Nf6 5. Qe2 Nxe4 6. Qxe4 Be6 7. c4 g6 8. Qe5 Rg8 9. d4 Bg7 10. Qe3 Na6 11. a3 Qc7 12. Bd3 O-O-O 13. O-O Bf5 14. Bxf5+ gxf5 15. Rb1 Bf6 16. h3 Rg6 17. Kh1 Bh8 18. b4 Re6 19. Qg5 Bxd4 20. Qxf5 Qd7 21. Qxf7 Rf6 22. Qh5 Rg8 23. Rd1 e5 24. Nxe5 Qg7 25. Qg4+ Qxg4 26. Nxg4 Rd6 27. Be3 c5 28. bxc5 Bxc5 29. Bxc5 Rxd1+ 30. Rxd1 Nxc5 31. Ne5 Ne4 32. Kg1 Rf8 33. f3 Nc3 34. Rd3 Ne2+ 35. Kf2 Nf4 36. Rd4 h5 37. Nd3 Nxd3+ 38. Rxd3 Rf4 39. Rc3 h4 40. g4 hxg3+ 41. Kxg3 Rd4 42. f4 Kd7 43. Kg4 Ke6 44. Kg5 Kf7 45. c5 Rd5+ 46. Kg4 Kg6 47. c6 bxc6 48. Rxc6+ Kg7 49. Rc7+ Kg6 50. Rxa7 Rg5+ 51. Kf3 1-0

[Event "Festival Groningen-A 2024"]
[Site "Groningen"]
[Date "2024.12.30"]
[Round "9.14"]
[White "Schoorl, Rob"]
[Black "Khoo-Thwe, Louis"]
[Result "1-0"]
[ECO "A09"]
[WhiteElo "2295"]
[BlackElo "2124"]
[Annotator "RC"]
[PlyCount "29"]
[EventDate "2024.12.21"]
[EventType "swiss"]
[EventCountry "NED"]
[SourceTitle "playchess.com"]
[Source "ChessBase"]
[SourceQuality "1"]
[TimeControl "40/5400+30:1800+30"]

1. Nf3 d5 2. c4 dxc4 3. e4 Nf6 4. Nc3 a6 5. a4 e6 6. Bxc4 c5 7. d4 cxd4 8. Nxd4 Qc7 9. Qe2 Nc6 10. Nxc6 Qxc6 11. O-O b6 12. Nd5 Bd6 13. Nxf6+ gxf6 14. Bd5 Bxh2+ 15. Kh1 1-0

[Event "Festival Groningen-A 2024"]
[Site "Groningen"]
[Date "2024.12.30"]
[Round "9.15"]
[White "Ritzerveld, Noah"]
[Black "Van Rootselaar, Rik"]
[Result "1-0"]
[ECO "C11"]
[WhiteElo "2182"]
[BlackElo "2265"]
[Annotator "RC"]
[PlyCount "89"]
[EventDate "2024.12.21"]
[EventType "swiss"]
[EventCountry "NED"]
[SourceTitle "playchess.com"]
[Source "ChessBase"]
[SourceQuality "1"]
[TimeControl "40/5400+30:1800+30"]

1. e4 e6 2. d4 d5 3. Nc3 Nf6 4. e5 Nfd7 5. f4 c5 6. Nf3 Nc6 7. Be3 Rb8 8. Qd2 Qa5 9. dxc5 Bxc5 10. Bxc5 Nxc5 11. Nb5 Qxd2+ 12. Kxd2 Ke7 13. c3 h6 14. h4 Bd7 15. Ke3 a6 16. Nbd4 b5 17. b4 Na4 18. Nxc6+ Bxc6 19. Kd4 Rhc8 20. Nd2 Be8 21. Rh3 Rc7 22. Nb3 Rbc8 23. Rc1 Nb6 24. g4 Nc4 25. Nc5 Ra7 26. Bxc4 dxc4 27. Ne4 a5 28. Nd6 Rca8 29. a4 Rb8 30. axb5 Bxb5 31. bxa5 Rxa5 32. Rb1 Rd8 33. Kc5 Ba6+ 34. Kb6 Ra2 35. Rhh1 Kd7 36. Ra1 Rb8+ 37. Kc5 Rbb2 38. Rhb1 Rd2 39. Rxa2 Rxa2 40. Rb8 Ra5+ 41. Kb6 Ra3 42. Ra8 Rb3+ 43. Kc5 Rxc3 44. Rxa6 Rf3 45. Ra7+ 1-0

[Event "Festival Groningen-A 2024"]
[Site "Groningen"]
[Date "2024.12.30"]
[Round "9.16"]
[White "Okuno, Rion"]
[Black "Madularea, David"]
[Result "0-1"]
[ECO "C11"]
[WhiteElo "2027"]
[BlackElo "2245"]
[Annotator "RC"]
[PlyCount "74"]
[EventDate "2024.12.21"]
[EventType "swiss"]
[EventCountry "NED"]
[SourceTitle "playchess.com"]
[Source "ChessBase"]
[SourceQuality "1"]
[TimeControl "40/5400+30:1800+30"]

1. e4 e6 2. d4 d5 3. Nc3 Nf6 4. e5 Nfd7 5. f4 c5 6. Nf3 Nc6 7. Be3 Qb6 8. Na4 Qa5+ 9. c3 b6 10. Bd2 c4 11. b4 Nxb4 12. cxb4 Bxb4 13. Bxb4 Qxb4+ 14. Kf2 b5 15. Nc5 Nxc5 16. dxc5 Qxc5+ 17. Qd4 Qxd4+ 18. Nxd4 Bd7 19. a3 Ke7 20. Be2 a5 21. Rhb1 Rab8 22. Nc2 f6 23. Ke3 fxe5 24. fxe5 Rhf8 25. Nd4 Rb6 26. Bg4 Rfb8 27. Kd2 R8b7 28. Kc2 Be8 29. Kd2 Bg6 30. Rb2 b4 31. axb4 axb4 32. Rxb4 Rxb4 33. Nc6+ Kd7 34. Nxb4 Rxb4 35. Ra7+ Kc6 36. Bxe6 d4 37. Bd7+ Kb6 0-1

[Event "Festival Groningen-A 2024"]
[Site "Groningen"]
[Date "2024.12.30"]
[Round "9.17"]
[White "De Boer, Bas"]
[Black "Kazarjan, Gachatur"]
[Result "1/2-1/2"]
[ECO "D30"]
[WhiteElo "2157"]
[BlackElo "2067"]
[Annotator "RC"]
[PlyCount "105"]
[EventDate "2024.12.21"]
[EventType "swiss"]
[EventCountry "NED"]
[SourceTitle "playchess.com"]
[Source "ChessBase"]
[SourceQuality "1"]
[TimeControl "40/5400+30:1800+30"]

1. Nf3 d5 2. g3 c5 3. Bg2 Nc6 4. d4 e6 5. O-O Nf6 6. c4 Be7 7. cxd5 exd5 8. dxc5 Bxc5 9. a3 Ne4 10. Ne1 O-O 11. Nd3 Bb6 12. Nd2 Re8 13. Nf3 d4 14. Bf4 h6 15. Rc1 Bf5 16. Nd2 Nxd2 17. Bxd2 Bg4 18. Re1 Qd7 19. Bb4 Nxb4 20. axb4 Re6 21. Nf4 Rd6 22. Nd3 Re8 23. Qd2 Rde6 24. Nf4 Rd6 25. Nd3 Rde6 26. Bf3 Bxf3 27. exf3 Rxe1+ 28. Rxe1 Rxe1+ 29. Qxe1 Qb5 30. Qe4 Qa4 31. Kg2 Qd7 32. h4 a5 33. bxa5 Bxa5 34. Nc5 Qc8 35. Qxd4 b5 36. Ne4 Bc7 37. Qc5 Qb8 38. b4 Be5 39. Qd5 Bc7 40. h5 Be5 41. f4 Bc7 42. f5 Qb6 43. Qa8+ Qb8 44. Qc6 Be5 45. f4 Bb2 46. f6 gxf6 47. Nxf6+ Bxf6 48. Qxf6 Qf8 49. Qd4 Qa8+ 50. Kh2 Qf3 51. Qe5 Qf2+ 52. Kh3 Qf1+ 53. Kh2 1/2-1/2

[Event "Festival Groningen-A 2024"]
[Site "Groningen"]
[Date "2024.12.30"]
[Round "9.18"]
[White "Keuning, Selwin"]
[Black "De Boer, Eelke"]
[Result "0-1"]
[ECO "B11"]
[WhiteElo "2180"]
[BlackElo "2426"]
[Annotator "RC"]
[PlyCount "80"]
[EventDate "2024.12.21"]
[EventType "swiss"]
[EventCountry "NED"]
[SourceTitle "playchess.com"]
[Source "ChessBase"]
[SourceQuality "1"]
[TimeControl "40/5400+30:1800+30"]

1. e4 c6 2. Nc3 d5 3. Nf3 dxe4 4. Nxe4 Nf6 5. Qe2 Nxe4 6. Qxe4 Be6 7. b3 Nd7 8. Bb2 Nf6 9. Qe3 Bf5 10. Nd4 Nd5 11. Qf3 Bg6 12. h4 h5 13. c4 Nc7 14. g3 e6 15. Bg2 Qd7 16. O-O Rh7 17. Ne2 Bf5 18. d4 Be7 19. Nc3 O-O-O 20. Ne4 f6 21. Qe3 Kb8 22. Rfd1 Bg4 23. Rd2 Rhh8 24. a3 Rhe8 25. Bc3 Bf8 26. a4 Na6 27. a5 Qc7 28. Rb2 f5 29. Ng5 f4 30. gxf4 Bd6 31. Bd2 c5 32. dxc5 Bxc5 33. Qe4 Bd4 34. Raa2 Nc5 35. Qg6 Bf5 36. Qxh5 Nd3 37. Rc2 Nxf2 38. Kh2 Rh8 39. Qf7 Rd7 40. Nxe6 Rxh4+ 0-1

[Event "Festival Groningen-A 2024"]
[Site "Groningen"]
[Date "2024.12.30"]
[Round "9.19"]
[White "Noordenbos, Daan"]
[Black "Dolzhykova, Kateryna"]
[Result "0-1"]
[ECO "B22"]
[WhiteElo "2130"]
[BlackElo "2322"]
[Annotator "RC"]
[PlyCount "46"]
[EventDate "2024.12.21"]
[EventType "swiss"]
[EventCountry "NED"]
[SourceTitle "playchess.com"]
[Source "ChessBase"]
[SourceQuality "1"]
[TimeControl "40/5400+30:1800+30"]

1. e4 c5 2. Nf3 Nc6 3. Bc4 g6 4. O-O Bg7 5. c3 d6 6. d4 cxd4 7. cxd4 Nf6 8. Nc3 O-O 9. Bb3 Bg4 10. h3 Bxf3 11. gxf3 Nh5 12. Ne2 e5 13. dxe5 Qh4 14. e6 Qxh3 15. exf7+ Kh8 16. Nf4 Nxf4 17. Bxf4 Nd4 18. Bg3 h5 19. e5 dxe5 20. Qd3 h4 21. Bd5 hxg3 22. fxg3 Qxg3+ 23. Kh1 Bf6 0-1

[Event "Festival Groningen-A 2024"]
[Site "Groningen"]
[Date "2024.12.30"]
[Round "9.20"]
[White "Grooten, Herman"]
[Black "Bakija, Alan"]
[Result "0-1"]
[ECO "E61"]
[WhiteElo "2183"]
[BlackElo "2233"]
[Annotator "RC"]
[PlyCount "158"]
[EventDate "2024.12.21"]
[EventType "swiss"]
[EventCountry "NED"]
[SourceTitle "playchess.com"]
[Source "ChessBase"]
[SourceQuality "1"]
[TimeControl "40/5400+30:1800+30"]

1. d4 d6 2. Nf3 Nf6 3. c4 g6 4. Nc3 Bf5 5. Nh4 Bd7 6. e4 e5 7. Nf3 Bg7 8. d5 O-O 9. Be2 a5 10. Be3 Ng4 11. Bg5 f6 12. Bh4 Na6 13. Nd2 Nh6 14. f3 Qe8 15. Qc2 a4 16. Nb5 Nf7 17. Qxa4 f5 18. Qc2 f4 19. Bf2 Kh8 20. a3 Rc8 21. Nc3 Bf6 22. b4 g5 23. c5 Nb8 24. Nc4 h5 25. h3 Kg7 26. Qd3 Rh8 27. Kd2 Be7 28. Na5 dxc5 29. bxc5 Bxc5 30. Bxc5 b6 31. Bb4 bxa5 32. Bxa5 c6 33. Rab1 Rh6 34. Rb7 cxd5 35. Nxd5 Nd6 36. Rc7 Rxc7 37. Nxc7 Qc8 38. Nd5 Bb5 39. Qc3 Nc6 40. Bb6 Qa6 41. Bxb5 Nxb5 42. Qd3 Qa4 43. Bc5 Ncd4 44. Rb1 Rc6 45. Rb4 Qa5 46. Bxd4 Nxd4 47. Kd1 Qc5 48. Rb1 Nc2 49. Ke2 Nxa3 50. Rb7+ Kh6 51. Nb4 Rd6 52. Qxa3 Qc4+ 53. Ke1 Qd4 54. Nd5 Qg1+ 55. Kd2 Qxg2+ 56. Kd1 Qf1+ 57. Kc2 Rc6+ 58. Nc3 Qe2+ 59. Kb3 Rxc3+ 60. Kxc3 Qxf3+ 61. Kb2 Qxa3+ 62. Kxa3 g4 63. hxg4 hxg4 64. Kb3 g3 65. Kc3 g2 66. Rb6+ Kg7 67. Rb1 f3 68. Rg1 Kf6 69. Kd2 f2 70. Rxg2 f1=Q 71. Re2 Ke6 72. Ke3 Qf4+ 73. Kd3 Kd6 74. Re3 Kc5 75. Re1 Qf3+ 76. Kd2 Kd4 77. Re2 Qf1 78. Re1 Qd3+ 79. Kc1 Kc3 0-1